 Dungeon Crawl Stone Soup version 0.23-a0-703-gdf2d5e0 (webtiles) character file.

42592 Lanoc the Carver (level 13, -9/106 HPs)
             Began as a Demonspawn Monk on Jan 14, 2019.
             Was an Initiate of Gozag.
             Splashed by an oklob plant's acid (14 damage)
             ... on level 2 of the Lair of Beasts.
             The game lasted 00:50:28 (19221 turns).

Lanoc the Carver (Demonspawn Monk)                 Turns: 19221, Time: 00:50:29

Health: -9/106     AC:  4    Str: 24    XL:     13   Next: 86%
Magic:  3/3        EV: 13    Int: 12    God:    Gozag
Gold:   1401       SH:  7    Dex: 15    Spells: 12/12 levels left

rFire    + . .     SeeInvis +   b - +5 double sword (antimagic)
rCold    . . .     Gourm    .   h - +2 buckler
rNeg     + . .     Faith    .   p - +2 plate armour {rF+}
rPois    .         Spirit   .   k - +1 hat
rElec    +         Reflect  .   (no cloak)
rCorr    .         Harm     .   (no gloves)
MR       +....                  (boots unavailable)
Stlth    ..........             (no amulet)
HPRegen  0.27/turn              y - ring of protection from magic
MPRegen  0.08/turn              l - ring "Ehiuf" {*Contam rElec rN+ Str+7 SInv}

@: corroded
A: hooves 3, slimy green scales 2, demonic guardian 1, foul stench 1, low mp 1,
rot immunity
a: Potion Petition, Call Merchant, Bribe Branch, Renounce Religion


You were on level 2 of the Lair of Beasts.
You worshipped Gozag.
Gozag was most pleased with you.
You were not hungry.

You visited 4 branches of the dungeon, and saw 19 of its levels.
You visited 1 bazaar.

You collected 5127 gold pieces.
You spent 1134 gold pieces at shops.
You paid 2592 gold pieces to Gozag.

Inventory:

Hand Weapons
 b - a +5 antimagic double sword (weapon)
 r - a +0 falchion of electrocution
 x - the +5 longbow "Uggu" {venom, rF++ rC++ MR-}
   (You found it on level 2 of the Orcish Mines)

   It poisons the ammo it fires.
   It greatly protects you from fire.
   It greatly protects you from cold.
   It affects your resistance to hostile enchantments.
Armour
 h - a +2 buckler (worn)
 k - a +1 hat (worn)
 p - a +2 plate armour of fire resistance (worn)
Jewellery
 f - an uncursed ring of see invisible
 l - the ring "Ehiuf" (right hand) {*Contam rElec rN+ Str+7 SInv}
   (You bought it in a shop on level 2 of the Orcish Mines)

   [ring of positive energy]

   It affects your strength (+7).
   It insulates you from electricity.
   It protects you from negative energy.
   It lets you see invisible.
   It causes magical contamination when unequipped.
 m - an uncursed ring of wizardry
 n - a +3 ring of protection
 q - an uncursed ring of resist corrosion
 y - a ring of protection from magic (left hand)
Wands
 v - a wand of iceblast (8)
 w - a wand of flame (27)
 A - a wand of clouds (1)
 B - a wand of digging (3)
 H - a wand of random effects (31)
 J - a wand of paralysis (10)
Scrolls
 a - 2 scrolls of enchant weapon
 e - 2 scrolls of immolation
 i - 9 scrolls of teleportation
 j - 3 scrolls of fear
 o - 4 scrolls of fog
 s - 4 scrolls of enchant armour
 u - 7 scrolls of remove curse
 C - 2 scrolls of blinking
 E - 4 scrolls of amnesia
 I - a scroll of magic mapping {unknown}
Potions
 d - 4 potions of brilliance
 g - 2 potions of curing
 t - 2 potions of ambrosia
 z - a potion of berserk rage
 D - a potion of agility
 F - 2 potions of magic
 G - a potion of heal wounds
Comestibles
 c - 12 rations


   Skills:
 + Level 11.2 Fighting
 * Level 13.8 Long Blades
 + Level 9.8 Armour
 + Level 10.3 Dodging
 - Level 1.7 Stealth
 - Level 4.1 Shields


You had 12 spell levels left.
You didn't know any spells.
Your spell library contained the following spells:

 Spells                   Type           Power        Failure   Level  Hunger
 Beastly Appendage        Tmut           #.....       98%         1    ##.....
 Sticks to Snakes         Tmut           #.......     99%         2    ###....
 Spider Form              Tmut/Pois      #.........   100%        3    ####...
 Ice Form                 Ice/Tmut       #.......     100%        4    #####..
 Summon Ice Beast         Ice/Summ       #.......     100%        4    #####..
 Blade Hands              Tmut           #.........   100%        5    ######.
 Borgnjor's Vile Clutch   Necr/Erth      #.........   100%        5    ######.
 Dispel Undead            Necr           #.......     100%        5    ######.


Dungeon Overview and Level Annotations

Branches:
Dungeon (14/15)            Temple (1/1) D:5            Lair (2/6) D:11
    Orc (2/2) D:12            Elf (0/3) Orc:2        Vaults (0/5) D:13
  Swamp: Lair:2-4    Shoals: Lair:2-4     Snake: Lair:2-4    Spider: Lair:2-4

Altars:
Cheibriados
Elyvilon
Fedhas
Gozag
Kikubaaqudgha
Makhleb
Qazlal
Ru
Vehumet
Xom
Yredelemnul
Beogh

Shops:
Orc:2 !:=*

Annotations:
D:3 2 transporters, Killmatronix's ghost, amateur HaWn
D:8 1 runed door, Hoople's ghost, novice OgFE
D:14 Azrael
Lair:2 exclusion: 2 oklob plants


Innate Abilities, Weirdness & Mutations

You have hooves in place of feet.
You are mostly covered in slimy green scales. (AC +3)
A weak demonic guardian rushes to your aid.
You may emit foul miasma when damaged in melee.
You are immune to rotting.
Your magical capacity is low. (-10% MP)


Message History

You slash the oklob plant! You kick the oklob plant.
The oklob plant is severely damaged.
You hit the oklob plant but do no damage.
The oklob plant is severely damaged.
The oklob plant spits acid at you. The splash of acid hits you!
The acid corrodes you!
You are splashed with acid!
The acid burns!
Your iron imp completely misses the plant.
You slash the oklob plant!
You kick the oklob plant, but do no damage.
The oklob plant is almost destroyed.
The oklob plant spits acid at you. The splash of acid hits you!
You are splashed with acid!
The acid burns!
* * * LOW HITPOINT WARNING * * *
The oklob plant spits acid at you. The splash of acid hits you!
* * * LOW HITPOINT WARNING * * *
The acid corrodes you!
You are splashed with acid!
The acid burns!
You die...
Your body crumbles into a pile of gold.

.# #### #. .#
#####..# #.# .##
#P..P..## #.# ..
#$.?P...###.. .#
#"(P@5...##.##.#
#####..........#
#.5.###.##P..######
##..# ###.........#
#..# #.).........##
#..# #....P.#.#..#.
#.####.#.#....PP...
##.#
#..#.#....PP..#
#..#
##....#...##.#.


You could see 2 oklob plants and a friendly iron imp.

Vanquished Creatures
  Frances (D:12)
  Agnes (D:14)
  Kirke (D:13)
  An ettin (Orc:2)
  Josephine (D:13)
  2 hydras
  4 two-headed ogres
  A tengu warrior (D:10)
  A death knight (D:11)
  3 orc high priests (Orc:2)
  Urug (Lair:1)
  3 unseen horrors
  Pikel (D:4)
  A deep elf mage (D:13)
  5 orc knights (Orc:2)
  7 orc sorcerers
  A cyclops (D:11)
  A centaur skeleton (D:13)
  2 spiny frogs (Lair:1)
  2 komodo dragons (D:11)
  A rime drake (Lair:1)
  A tengu conjurer (D:10)
  9 trolls
  7 blink frogs
  5 hippogriffs
  A vampire (D:14)
  A hog (D:13)
  A wyvern (D:14)
  3 wraiths (D:13)
  6 yaks (D:13)
  2 fire elementals (D:14)
  2 basilisks
  2 humans (D:12)
  A warg (Orc:1)
  2 water moccasins
  6 porcupines
  4 sky beasts
  37 orc warriors
  A slave (D:4)
  An ice beast (D:14)
  A black bear (D:7)
  2 necrophages
  A phantom (D:11)
  16 ogres
  11 centaurs
  A crocodile (Lair:1)
  5 bullfrogs
  4 scorpions
  12 killer bees
  3 wights (D:9)
  2 electric eels (Lair:1)
  7 howler monkeys
  6 crimson imps
  2 bullfrog zombies (D:5)
  2 centaur zombies
  5 hounds
  A gnoll shaman (D:7)
  21 orc priests
  2 jellies
  5 bullfrog skeletons
  2 iguanas
  Natasha (thrice) (D:4)
  30 orc wizards
  6 worker ants
  A hound skeleton (D:9)
  A hound zombie (D:6)
  2 worker ant zombies
  10 adders
  3 gnolls (D:7)
  A shadow imp (D:13)
  An ooze (D:2)
  3 adder skeletons
  3 worms
  3 dart slugs
  10 leopard geckos
  100 orcs
  9 giant cockroaches
  2 goblins
  7 hobgoblins
  12 jackals
  6 quokkas
  5 bats
  8 frilled lizards
  10 kobolds
  A leopard gecko skeleton (D:7)
  2 quokka skeletons
  6 rats
  A plant (Lair:2)
490 creatures vanquished.

Vanquished Creatures (collateral kills)
  An orc warlord (Orc:2)
  A centaur warrior (D:14)
  An orc high priest (Orc:2)
  A crocodile (Lair:1)
  A hound (D:12)
  2 orc priests (Orc:2)
  An iguana (D:14)
  5 orcs (Orc:2)
13 creatures vanquished.

Vanquished Creatures (others)
  4 humans (D:13)
  5 fungi (Lair:2)
  4 plants
13 creatures vanquished.

Grand Total: 516 creatures vanquished

Notes
Turn   | Place    | Note
-------+----------+-------------------------------------------
     0 | D:1      | Lanoc the Demonspawn Monk began the quest for the Orb.
     0 | D:1      | Reached XP level 1. HP: 18/18 MP: 1/1
   150 | D:1      | Gained mutation: You have large cloven feet. [demonic
                  | ancestry]
   150 | D:1      | Reached XP level 2. HP: 9/24 MP: 2/2
   788 | D:2      | Reached skill level 3 in Long Blades
   793 | D:2      | Gained mutation: You have hoof-like feet. [demonic
                  | ancestry]
   793 | D:2      | Reached XP level 3. HP: 29/29 MP: 3/3
  1252 | D:2      | Reached skill level 1 in Armour
  1252 | D:2      | Reached XP level 4. HP: 23/36 MP: 4/4
  1422 | D:2      | Found a radiant altar of Vehumet.
  1703 | D:3      | Noticed an ogre
  1797 | D:3      | Found a basalt altar of Yredelemnul.
  1835 | D:3      | Killed an ogre
  1835 | D:3      | Reached XP level 5. HP: 28/42 MP: 5/5
  1849 | D:3      | Found a transporter.
  1875 | D:3      | Noticed Killmatronix's ghost (amateur HaWn)
  2115 | D:3      | Found a transporter.
  2273 | D:3      | Reached skill level 4 in Long Blades
  2539 | D:3      | Gained mutation: You are immune to rotting. [demonic
                  | ancestry]
  2539 | D:3      | Reached XP level 6. HP: 18/48 MP: 6/6
  3189 | D:4      | Noticed Natasha
  3193 | D:4      | Killed Natasha
  3240 | D:4      | Found an opulent altar of Gozag.
  3240 | D:4      | Found a snail-covered altar of Cheibriados.
  3240 | D:4      | Found a shimmering altar of Xom.
  3243 | D:4      | Found an ancient bone altar of Kikubaaqudgha.
  3244 | D:4      | Noticed a slave
  3289 | D:4      | Became a worshipper of Gozag Ym Sagoz the Greedy
  3503 | D:4      | Noticed Natasha
  3513 | D:4      | Killed Natasha
  3807 | D:4      | Noticed a slave
  3808 | D:4      | Noticed Pikel
  3809 | D:4      | Noticed a slave
  3809 | D:4      | Noticed a slave
  3835 | D:4      | Noticed Natasha
  3844 | D:4      | Killed Natasha
  3872 | D:4      | Killed a slave
  3879 | D:4      | Reached XP level 7. HP: 33/55 MP: 7/7
  3882 | D:4      | Killed Pikel
  3882 | D:4      | Reached skill level 5 in Fighting
  3882 | D:4      | Reached skill level 5 in Long Blades
  4211 | D:5      | Entered Level 5 of the Dungeon
  4245 | D:5      | Reached XP level 8. HP: 56/62 MP: 8/8
  4353 | D:5      | Reached skill level 6 in Long Blades
  4690 | D:5      | Found a stormy altar of Qazlal.
  4862 | D:5      | Found a sacrificial altar of Ru.
  4906 | D:5      | Found a burning altar of Makhleb.
  4912 | D:5      | Reached skill level 5 in Dodging
  5175 | D:5      | Found a staircase to the Ecumenical Temple.
  5181 | Temple   | Entered the Ecumenical Temple
  5262 | D:6      | Found a blossoming altar of Fedhas.
  6081 | D:7      | Reached skill level 7 in Long Blades
  6197 | D:7      | Gained mutation: You are partially covered in slimy green
                  | scales. (AC +2) [demonic ancestry]
  6197 | D:7      | Reached XP level 9. HP: 35/69 MP: 9/9
  7350 | D:8      | Reached skill level 8 in Long Blades
  7350 | D:8      | Reached skill level 5 in Armour
  7827 | D:8      | Found a runed door.
  7839 | D:8      | Noticed Hoople's ghost (novice OgFE)
  8098 | D:8      | Noticed a lindwurm
  8100 | D:8      | Noticed a lindwurm
  8136 | D:9      | Noticed a troll
  8138 | D:9      | Found a basalt altar of Yredelemnul.
  8145 | D:9      | Killed a troll
  8258 | D:9      | Noticed a troll
  8279 | D:9      | Killed a troll
  8281 | D:9      | Gained mutation: You may emit foul miasma when damaged in
                  | melee. [demonic ancestry]
  8281 | D:9      | Reached XP level 10. HP: 6/79 MP: 10/10
  8750 | D:9      | Reached skill level 9 in Long Blades
  9187 | D:10     | Entered Level 10 of the Dungeon
  9264 | D:10     | Noticed a tengu warrior
  9276 | D:10     | HP: 1/79 [battlesphere[a tengu conjurer] (8)]
  9286 | D:10     | Killed a tengu warrior
  9608 | D:10     | Got a dazzling hand axe
  9615 | D:10     | Identified the +1 hand axe "Daixt" {vamp, Dex+3} (You found
                  | it on level 10 of the Dungeon)
  9705 | D:10     | Noticed an unseen horror
  9749 | D:10     | Killed an unseen horror
  9749 | D:10     | Reached skill level 1 in Shields
  9863 | D:10     | Identified a scroll of acquirement
 10039 | D:11     | Reached skill level 10 in Long Blades
 10260 | D:11     | Noticed an unseen horror
 10260 | D:11     | Noticed a death knight
 10277 | D:11     | Killed an unseen horror
 10277 | D:11     | Gained mutation: A weak demonic guardian rushes to your
                  | aid. [demonic ancestry]
 10277 | D:11     | Reached XP level 11. HP: 64/86 MP: 3/11
 10291 | D:11     | Killed a death knight
 10775 | D:11     | Noticed an unseen horror
 10799 | D:11     | Killed an unseen horror
 10812 | D:11     | Found a staircase to the Lair.
 11062 | D:12     | Found a staircase to the Orcish Mines.
 11067 | D:12     | Noticed Frances
 11325 | D:12     | Found a flickering gateway to a bazaar.
 11379 | Bazaar   | Entered a bazaar
 11384 | Bazaar   | Found Zicroup's Jewellery Shop.
 11419 | Bazaar   | Found Erchemiti's Book Shop.
 11614 | D:12     | Noticed a sixfirhy
 11621 | D:12     | Killed Frances
 11696 | D:13     | Noticed Kirke
 11708 | D:13     | Noticed a harpy
 11708 | D:13     | Noticed a harpy
 11720 | D:13     | Reached skill level 11 in Long Blades
 11732 | D:13     | Killed Kirke
 11847 | D:12     | Identified Ippary's Handbook of Darkness and the Frostbite
 12303 | D:13     | Noticed a two-headed ogre
 12307 | D:13     | Killed a two-headed ogre
 12346 | D:13     | Gained mutation: You are mostly covered in slimy green
                  | scales. (AC +3) [demonic ancestry]
 12346 | D:13     | Reached XP level 12. HP: 82/95 MP: 4/12
 12430 | D:13     | Noticed a two-headed ogre
 12440 | D:13     | Killed a two-headed ogre
 12492 | D:13     | Found a gate to the Vaults.
 12492 | D:13     | Noticed a two-headed ogre
 12500 | D:13     | Killed a two-headed ogre
 12599 | D:13     | Noticed Josephine
 12608 | D:13     | Killed Josephine
 12899 | D:14     | Noticed a centaur warrior
 12908 | D:14     | Killed a centaur warrior
 12977 | D:14     | Found a white marble altar of Elyvilon.
 12978 | D:14     | Noticed Agnes
 13002 | D:14     | Killed Agnes
 13002 | D:14     | Reached skill level 12 in Long Blades
 13547 | D:14     | Noticed Azrael
 13614 | Orc:1    | Entered Level 1 of the Orcish Mines
 13620 | Orc:1    | Reached skill level 10 in Fighting
 13624 | Orc:1    | Paralysed by an orc sorcerer for 5 turns
 14428 | Orc:2    | Entered Level 2 of the Orcish Mines
 14502 | Orc:2    | Noticed a two-headed ogre
 14524 | Orc:2    | Killed a two-headed ogre
 14793 | Orc:2    | Found Ceyfeqavu's General Store.
 14816 | Orc:2    | Bought a ration for 50 gold pieces
 14816 | Orc:2    | Bought a ration for 50 gold pieces
 14933 | Orc:2    | Found a roughly hewn altar of Beogh.
 15093 | Orc:2    | Gained mutation: You have hooves in place of feet. [demonic
                  | ancestry]
 15093 | Orc:2    | Reached XP level 13. HP: 35/104 MP: 4/13
 15370 | Orc:2    | Found Faosum's Jewellery Shop.
 15392 | Orc:2    | Bought the ring "Ehiuf" {*Contam rElec rN+ Str+7 SInv} for
                  | 709 gold pieces
 15530 | Orc:2    | Noticed an ettin
 15687 | Orc:2    | Killed an ettin
 16006 | Orc:2    | Reached skill level 13 in Long Blades
 16016 | Orc:2    | Found a staircase to the Elven Halls.
 16099 | Orc:2    | Got a crude longbow
 16105 | Orc:2    | Identified the +5 longbow "Uggu" {venom, rF++ rC++ MR-}
                  | (You found it on level 2 of the Orcish Mines)
 16238 | Orc:2    | Noticed an orc warlord
 16499 | Orc:2    | Killed an orc warlord
 16570 | Orc:2    | Reached skill level 10 in Dodging
 16576 | Orc:2    | Found Muocot's Book Boutique.
 16607 | Orc:2    | Found a roughly hewn altar of Beogh.
 16630 | Orc:2    | Gained mutation: Your magical capacity is low. (-10% MP) [a
                  | neqoxec]
 16742 | Orc:2    | Found Egim's Distillery.
 16956 | Orc:2    | Bought a potion of curing for 39 gold pieces
 16956 | Orc:2    | Bought a potion of berserk rage for 65 gold pieces
 16956 | Orc:2    | Bought a potion of agility for 52 gold pieces
 16956 | Orc:2    | Bought a potion of ambrosia for 104 gold pieces
 16956 | Orc:2    | Bought a potion of heal wounds for 65 gold pieces
 17320 | Lair:1   | Entered Level 1 of the Lair of Beasts
 17481 | Lair:1   | Noticed Urug
 17489 | Lair:1   | Killed Urug
 19221 | Lair:2   | HP: 5/106 [oklob plant/splash of acid (12)]
 19221 | Lair:2   | Splashed by an oklob plant's acid

Vault maps used:
D:1:      elethiomel_arrival_quiet, chequers_serial_rivers_micro_b,
          minmay_worlds_worst_comb
D:2:      fiery_altar_vehumet, first_ration, chequers_mini_garden,
          minmay_misc_feat_pillars
D:3:      lemuel_round_altar, gammafunk_ghost_stat_death
D:4:      kiku_gazebo_pond_becter, chequers_temple_overflow_statue_of_worship,
          kennysheep_small_circle, uniq_natasha, uniq_pikel
D:5:      nicolae_qazlal_eye_of_the_storm, nicolae_overflow_hidden_temple,
          minmay_temple_entry_enclosed_plants, makhleb_heckhound_becter
D:6:      fedhas_altar_3
D:8:      ebering_ghost_reflecting_pool, grunt_ogre_cave, minmay_lindwurm_lava
D:9:      basic_altar, chequers_serial_rivers_micro_a
D:11:     david_lair_shrubbed
D:12:     orc_0_dummy, serial_shops, bzr_entry_customers, uniq_frances
D:13:     david_vaults_1, uniq_kirke, uniq_josephine
D:14:     elyvilon_altar_5, uniq_agnes, uniq_azrael
Temple:   eino_temple_water
Lair:1:   serial_bayou_shore_a, uniq_urug
Lair:2:   grunt_forest_stairs_basic, patterned_corridor, grunt_megastairs_2,
          minmay_lair_oklob_chamber
Orc:2:    pubby_orc_utopia
Bazaar:   bazaar_jpeg_cross

Skill      XL: |  1  2  3  4  5  6  7  8  9 10 11 12 13 |
---------------+----------------------------------------+-----
Dodging        | 3 4 5 6 7 8 9 10 | 10.3
Long Blades    | 3 4 5 7 8 10 11 12 13 | 13.8
Armour         | 1 2 3 4 5 6 7 8 9 |  9.8
Fighting       | 4 5 6 7 8 9 10 11 | 11.2
Shields        | 2 4 |  4.1
Stealth        | |  1.7

Action                   |  1- 3 |  4- 6 |  7- 9 | 10-12 | 13-15 || total
-------------------------+-------+-------+-------+-------+-------++-------
Melee: Falchion          |   106 |   189 |   326 |    60 |       ||   681
       Kick              |    29 |    74 |   100 |   204 |   139 ||   546
       Double sword      |       |       |       |   492 |   363 ||   855
       Hand axe          |       |       |       |    64 |       ||    64
Invok: Potion Petition   |       |     1 |     1 |     2 |       ||     4
Evoke: Wand              |       |       |       |       |     4 ||     4
  Use: Potion            |     2 |     2 |    10 |    10 |     1 ||    25
       Scroll            |       |     9 |     4 |     6 |       ||    19
 Stab: Sleeping          |     5 |     2 |       |       |       ||     7
       Invisible         |       |     9 |     5 |     4 |       ||    18
       Distracted        |       |       |     2 |     6 |     4 ||    12
       Confused          |       |       |       |       |     2 ||     2
  Eat: Chunk             |     1 |     7 |       |       |       ||     8
       Ration            |       |     1 |     4 |     8 |     4 ||    17
Armor: Robe              |    26 |    18 |     1 |       |       ||    45
       Chain mail        |       |       |   136 |   165 |       ||   301
       Plate armour      |       |       |       |   129 |   143 ||   272
Dodge: Dodged            |    87 |   129 |   176 |   280 |   157 ||   829
Block: Buckler           |       |       |       |   180 |    96 ||   276
       Rpst.: Falchion   |    30 |    34 |    50 |    12 |       ||   126
       Double sword      |       |       |       |    56 |    29 ||    85

Table legend:
 A = Non-vault XP
 B = Vault XP
 C = Vault XP percentage of total XP
 D = Non-vault monster count
 E = Vault monster count
 F = Vault count percentage of total count
                 A         B        C        D         E       F
            +---------+---------+-------+---------+---------+-------
      Total |   26834 |   34012 |  55.9 |     323 |     178 |  35.5
            +---------+---------+-------+---------+---------+-------
        D:1 |      28 |      10 |  26.3 |      17 |       5 |  22.7
        D:2 |      90 |       0 |   0.0 |      25 |       0 |   0.0
        D:3 |     303 |       0 |   0.0 |      28 |       0 |   0.0
        D:4 |     274 |     675 |  71.1 |      10 |       4 |  28.6
        D:5 |     387 |      45 |  10.4 |      14 |       1 |   6.7
        D:6 |     539 |       0 |   0.0 |      14 |       0 |   0.0
        D:7 |    1397 |       0 |   0.0 |      35 |       0 |   0.0
        D:8 |     836 |     116 |  12.2 |      25 |       1 |   3.8
        D:9 |    1434 |       0 |   0.0 |      14 |       0 |   0.0
       D:10 |    2948 |       0 |   0.0 |      24 |       0 |   0.0
       D:11 |    4746 |     349 |   6.8 |      36 |       1 |   2.7
       D:12 |    1430 |    2212 |  60.7 |      16 |       3 |  15.8
       D:13 |    2721 |    6538 |  70.6 |      14 |      10 |  41.7
       D:14 |    1933 |    2364 |  55.0 |       8 |       3 |  27.3
     Lair:1 |    4179 |     819 |  16.4 |      21 |       1 |   4.5
     Lair:2 |    2411 |     175 |   6.8 |       9 |       1 |  10.0
      Orc:1 |    1178 |     451 |  27.7 |      13 |       8 |  38.1
      Orc:2 |       0 |   20258 | 100.0 |       0 |     140 | 100.0
            +---------+---------+-------+---------+---------+-------
